Royaux vs Harfangs
(R2)
Created - May 19, 2020 at 19:34
Goals
|
Royaux |
1 |
1 |
3 |
0 |
5 |
Harfangs |
1 |
0 |
4 |
1 |
6 |
|
Shots
|
Royaux |
10 |
10 |
10 |
1 |
31 |
Harfangs |
4 |
9 |
16 |
1 |
30 |
|
1st period
1. Harfangs , Tyler Randell 3 (Michael Bournival 3, Calle Jarnkrok 3) at 11:47
2. Royaux , Tye McGinn 1 (Nathan Gerbe 1) at 13:59
Penalties :
Nicholas Baptiste (Cap) for Hooking (Minor) at 8:25
2nd period
3. Royaux , Ben Hanowski 2 (Dylan Larkin 2, Marko Dano 4) at 0:45
Penalties :
Lukas Krajicek (Cap) for Holding (Minor) at 1:24, Nathan Gerbe (Cap) for Boarding (Minor) at 12:04, Blake Heinrich (BEA) for Tripping (Minor) at 15:37
3rd period
4. Royaux , Gord Baldwin 1 (Marcus Pettersson 3) at 3:07
5. Harfangs , Brandon McMillan 3 (Ryan Hartman 5) at 7:06
6. Royaux , Danny Kristo 1 (Gord Baldwin 3) at 12:07 (SH)
7. Royaux , Marko Dano 1 (Brandon Pirri 2) at 12:48 (SH)
8. Harfangs , Tyler Randell 4 (Michael Bournival 4, Calle Jarnkrok 4) at 13:01 (PP)
9. Harfangs , Tyler Randell 5 (Calle Jarnkrok 5, Reid McNeill 2) at 14:39
10. Harfangs , Tyler Brenner 5 (Brandon McMillan 6, Victor Bartley 3) at 15:57
Penalties :
Nick Shore (BEA) for Slashing (Minor) at 4:13, Blake Heinrich (BEA) for Hooking (Minor) at 9:22, Dylan Olsen (BEA) for Interference (Minor) at 10:00, Ben Hanowski (Cap) for Hooking (Minor) at 11:53
Overtime #1
11. Harfangs , Nick Shore 1 (Reid McNeill 3, Brandon McMillan 7) at 0:52
Penalties :
No Penalty
Goalie Stats
Jean-Francois Berube (Cap), 24 saves from 30 shots - (0.800), OTL, 1-1-1, 60:52 minutes
Anton Forsberg (BEA), 26 saves from 31 shots - (0.839), W, 1-0-0, 60:52 minutes
Players Stats for Royaux
Player Name G A P +/- PIM S H SB GA TA FO MP PP MP PK MP
------------------------------------------------------------------------------------
Anton Slepyshev 0 0 0 -1 0 2 2 0 0 0 0/0 8:36 0:00 0:00
Ben Hanowski 1 0 1 -1 2 4 2 0 1 0 0/0 20:20 3:31 1:57
Brandon Pirri 0 1 1 0 0 3 0 0 3 0 1/3 10:41 0:09 1:31
Brendan Woods 0 0 0 0 0 2 0 0 0 1 4/9 13:04 0:09 4:01
Danny Kristo 1 0 1 0 0 1 5 0 1 0 0/0 23:45 2:48 3:42
Dylan Larkin 0 1 1 -1 0 1 1 0 3 0 11/22 17:55 3:32 0:12
Gord Baldwin 1 1 2 2 0 1 0 2 0 2 0/0 21:45 2:22 3:58
Haydn Fleury 0 0 0 0 0 0 0 1 0 0 0/0 16:43 0:00 3:58
Lukas Krajicek 0 0 0 -1 2 2 4 2 0 1 0/0 26:17 4:07 1:58
Marcus Pettersson 0 1 1 1 0 0 0 2 0 0 0/0 19:05 4:07 0:00
Marko Dano 1 1 2 0 0 7 2 0 2 2 2/3 20:37 3:32 2:07
Nathan Gerbe 0 1 1 -1 2 1 3 0 0 0 6/20 20:24 2:48 0:06
Nicholas Baptiste 0 0 0 1 2 0 0 0 0 0 0/0 7:08 0:09 0:00
Phil Oreskovic 0 0 0 0 0 1 1 1 0 0 0/0 15:18 0:00 3:01
Rourke Chartier 0 0 0 1 0 1 0 0 0 0 1/2 6:17 0:00 0:00
Simon Despres 0 0 0 -2 0 2 2 1 0 2 0/0 22:34 2:22 1:03
Sonny Milano 0 0 0 1 0 0 0 0 0 0 0/0 6:17 0:00 0:00
Tye McGinn 1 0 1 -1 0 3 1 0 2 0 0/2 20:25 2:48 0:22
Players Stats for Harfangs
Player Name G A P +/- PIM S H SB GA TA FO MP PP MP PK MP
------------------------------------------------------------------------------------
Blake Heinrich 0 0 0 0 4 1 1 1 0 1 0/0 12:07 0:08 0:01
Brandon McMillan 1 2 3 -2 0 3 0 0 1 0 0/0 16:07 3:27 0:00
Calle Jarnkrok 0 3 3 1 0 6 2 1 0 0 20/29 22:01 3:30 1:27
Devon Teows 0 0 0 1 0 0 1 1 0 1 0/0 12:20 0:00 0:49
Dylan Olsen 0 0 0 0 2 2 1 6 1 1 0/0 27:40 4:40 2:24
Erik Nystrom 0 0 0 1 0 0 1 0 0 0 0/0 12:29 0:00 1:44
Jake Dotchin 0 0 0 0 0 0 1 0 0 1 0/0 20:39 2:13 3:15
Lucas Wallmarkk 0 0 0 0 0 0 0 0 0 1 2/5 6:05 0:00 0:00
Michael Bournival 0 2 2 1 0 1 2 0 0 1 1/2 24:16 3:32 3:13
Morgan Klimchuk 0 0 0 0 0 1 0 1 1 0 0/0 7:19 0:00 0:51
Nick Shore 1 0 1 1 2 3 1 0 1 0 4/5 11:05 0:00 0:00
Nick Sorensen 0 0 0 0 0 1 0 0 0 0 0/0 6:21 0:00 0:00
Reid McNeill 0 2 2 0 0 1 1 0 1 0 0/0 20:24 2:13 3:00
Ryan Hartman 0 1 1 -2 0 1 3 0 1 2 0/0 16:07 3:27 0:00
Sven Andrighetto 0 0 0 1 0 1 1 0 1 1 0/0 10:45 0:00 0:00
Tyler Brenner 1 0 1 -2 0 2 0 1 0 0 6/12 17:06 3:27 0:59
Tyler Randell 3 0 3 1 0 4 2 1 1 2 3/8 24:32 3:32 3:22
Victor Bartley 0 1 1 -1 0 3 1 4 0 1 0/0 28:57 4:46 3:29
3 Stars
1 - Tyler Randell (BEA)
2 - Calle Jarnkrok (BEA)
3 - Gord Baldwin (Cap)
Power Play
Royaux - 0 on 4 Attempt(s) - 0.00%
Harfangs - 1 on 4 Attempt(s) - 25.00%
Penalty Kill
Royaux - 3 on 4 Attempt(s) - 75.00%
- Score 2 goal in Penalty Kill
Harfangs - 4 on 4 Attempt(s) - 100.00%
- Score 0 goal in Penalty Kill
Team Stat
Royaux - Hits : 23 - Faceoff Wins : 25 - Blocked Shots : 9 - Penalty Minutes : 8
Harfangs - Hits : 18 - Faceoff Wins : 36 - Blocked Shots : 16 - Penalty Minutes : 8
Official
Referees : Unknown
Linesman : Unknown
Game Notes
Tyler Randell has scored a Hat Trick!
Finance
Level 1 -- Attendance: 1951 (97.55%) -- Ticket Income $66,334
Level 2 -- Attendance: 846 (84.60%) -- Ticket Income $16,074
Total Attendance: 2797 (93.23%)
Total Ticket Income: $82,408
Other Income: $4,120
Total Income: $86,528
Royaux
5 vs 5 Forward
Center Left Wing Right Wing Time % Phy DF OF
1 Nathan Gerbe Tye McGinn Danny Kristo 38 0 2 3
2 Dylan Larkin Marko Dano Ben Hanowski 35 0 2 3
3 Brendan Woods Anton Slepyshev Brandon Pirri 17 0 3 2
4 Rourke Chartier Sonny Milano Nicholas Baptiste 10 0 3 2
5 vs 5 Defense
Defense Defense Time % Phy DF OF
1 Lukas Krajicek Simon Despres 40 0 3 2
2 Marcus Pettersson Gord Baldwin 30 0 3 2
3 Phil Oreskovic Haydn Fleury 15 0 3 2
4 Phil Oreskovic Haydn Fleury 15 0 3 2
PowerPlay Forward
Center Left Wing Right Wing Time % Phy DF OF
1 Dylan Larkin Marko Dano Ben Hanowski 60 0 1 4
2 Nathan Gerbe Tye McGinn Danny Kristo 40 0 1 4
PowerPlay Defense
Defense Defense Time % Phy DF OF
1 Lukas Krajicek Marcus Pettersson 60 0 2 3
2 Simon Despres Gord Baldwin 40 0 2 3
Penalty Kill 4 Players Forward
Center Wing Time % Phy DF OF
1 Brendan Woods Danny Kristo 60 0 4 1
2 Marko Dano Ben Hanowski 40 0 4 1
Penalty Kill 4 Players Defense
Defense Defense Time % Phy DF OF
1 Gord Baldwin Haydn Fleury 60 1 2 2
2 Phil Oreskovic Lukas Krajicek 40 1 2 2
Penalty Kill - 3 Players Forward
Forward Time % Phy DF OF
1 Brendan Woods 60 0 4 1
2 Ben Hanowski 40 0 4 1
Penalty Kill - 3 Players Defense
Defense Defense Time % Phy DF OF
1 Gord Baldwin Haydn Fleury 60 1 2 2
2 Phil Oreskovic Lukas Krajicek 40 1 2 2
4 vs 4 Forward
Center Wing Time % Phy DF OF
1 Dylan Larkin Marko Dano 60 0 2 3
2 Nathan Gerbe Tye McGinn 40 0 2 3
4 vs 4 Defense
Defense Defense Time % Phy DF OF
1 Gord Baldwin Haydn Fleury 60 0 3 2
2 Marcus Pettersson Simon Despres 40 0 3 2
Last Minutes Offensive
Center Left Wing Right Wing Defense Defense
Dylan Larkin Marko Dano Tye McGinn Marcus Pettersson Simon Despres
Last Minutes Defensive
Center Left Wing Right Wing Defense Defense
Marko Dano Tye McGinn Ben Hanowski Haydn Fleury Phil Oreskovic
Goaltenders
Starting : Jean-Francois Berube
Backup : Olivier Roy
Extra Forwards
Normal : Marko Dano, Tye McGinn, Nathan Gerbe - PP : Nathan Gerbe, Brandon Pirri - PK : Brandon Pirri
Extra Defensemen
Normal : Simon Despres, Marcus Pettersson, Phil Oreskovic - PP : Phil Oreskovic - PK : Simon Despres, Lukas Krajicek
Penalty Shots
Dylan Larkin, Nathan Gerbe, Rourke Chartier, Sonny Milano, Marko Dano
Scratches
Vladislav Namestnikov (Healthy), Garrett Wilson (Healthy), Tanner Kero (Healthy), Greg McKegg (Healthy), Konrad Abeltshauser (Healthy)
Dylan DeMelo (Healthy), Ian McCoshen (Healthy), Michael Bunting (Healthy), Ryan Mantha (Healthy), Jack Ramsey (Healthy)
Marcus Hogberg (Healthy), Igor Shesterkin (Healthy), Hayden Hawkey (Healthy)
Harfangs
5 vs 5 Forward
Center Left Wing Right Wing Time % Phy DF OF
1 Calle Jarnkrok Michael Bournival Tyler Randell 40 1 2 2
2 Tyler Brenner Brandon McMillan Ryan Hartman 30 1 2 2
3 Nick Shore Erik Nystrom Sven Andrighetto 20 1 2 2
4 Lucas Wallmarkk Morgan Klimchuk Nick Sorensen 10 1 2 2
5 vs 5 Defense
Defense Defense Time % Phy DF OF
1 Dylan Olsen Victor Bartley 40 1 2 2
2 Reid McNeill Jake Dotchin 30 1 2 2
3 Blake Heinrich Devon Teows 20 1 2 2
4 Dylan Olsen Victor Bartley 10 1 2 2
PowerPlay Forward
Center Left Wing Right Wing Time % Phy DF OF
1 Calle Jarnkrok Michael Bournival Tyler Randell 60 1 2 2
2 Tyler Brenner Brandon McMillan Ryan Hartman 40 1 2 2
PowerPlay Defense
Defense Defense Time % Phy DF OF
1 Dylan Olsen Victor Bartley 60 1 2 2
2 Reid McNeill Jake Dotchin 40 1 2 2
Penalty Kill 4 Players Forward
Center Wing Time % Phy DF OF
1 Tyler Randell Michael Bournival 60 1 2 2
2 Calle Jarnkrok Tyler Brenner 40 1 2 2
Penalty Kill 4 Players Defense
Defense Defense Time % Phy DF OF
1 Dylan Olsen Victor Bartley 60 1 2 2
2 Reid McNeill Jake Dotchin 40 1 2 2
Penalty Kill - 3 Players Forward
Forward Time % Phy DF OF
1 Tyler Randell 60 1 2 2
2 Michael Bournival 40 1 2 2
Penalty Kill - 3 Players Defense
Defense Defense Time % Phy DF OF
1 Dylan Olsen Victor Bartley 60 1 2 2
2 Reid McNeill Jake Dotchin 40 1 2 2
4 vs 4 Forward
Center Wing Time % Phy DF OF
1 Tyler Randell Michael Bournival 60 1 2 2
2 Calle Jarnkrok Tyler Brenner 40 1 2 2
4 vs 4 Defense
Defense Defense Time % Phy DF OF
1 Dylan Olsen Victor Bartley 60 1 2 2
2 Reid McNeill Jake Dotchin 40 1 2 2
Last Minutes Offensive
Center Left Wing Right Wing Defense Defense
Calle Jarnkrok Michael Bournival Tyler Randell Dylan Olsen Victor Bartley
Last Minutes Defensive
Center Left Wing Right Wing Defense Defense
Calle Jarnkrok Michael Bournival Tyler Randell Dylan Olsen Victor Bartley
Goaltenders
Starting : Anton Forsberg
Backup : Ilya Sorokin
Extra Forwards
Normal : Sven Andrighetto, Nick Shore, Erik Nystrom - PP : Sven Andrighetto, Nick Shore - PK : Erik Nystrom
Extra Defensemen
Normal : Blake Heinrich, Devon Teows, Reid McNeill - PP : Blake Heinrich - PK : Devon Teows, Reid McNeill
Penalty Shots
Tyler Randell, Michael Bournival, Calle Jarnkrok, Tyler Brenner, Brandon McMillan
Scratches
Cristoval Nieves (Healthy), JC Lipon (Healthy), Brenden Kichton (Healthy), Laurent Dauphin (Healthy), Mark Alt (Healthy)
Brendan Leipsic (Healthy), Rinat Valiev (Healthy), Justin Kirkland (Healthy), Anthony Angello (Healthy), Jason Kasdorf (Healthy)
Scott Wedgewood (Healthy), Zachary Fucale (Healthy)
% Time on Ice - Royaux
Lines # - Real PCT - Wanted PCT - Time Play
Normal Forward
1 - 37% - 38% - 17:33
2 - 31% - 35% - 14:52
3 - 18% - 17% - 8:36
4 - 13% - 10% - 6:17
Normal Defense
1 - 44% - 40% - 20:36
2 - 31% - 30% - 14:50
3 - 12% - 15% - 5:33
4 - 13% - 15% - 6:19
PP Forward
1 - 57% - 60% - 3:41
2 - 43% - 40% - 2:48
PP Defense
1 - 63% - 60% - 4:07
2 - 37% - 40% - 2:22
PK Forward
1 - 70% - 60% - 4:53
2 - 30% - 40% - 2:06
PK Defense
1 - 57% - 60% - 3:58
2 - 43% - 40% - 3:01
PK3 Forward
1 - 0% - 60%
2 - 0% - 40%
PK3 Defense
1 - 0% - 60%
2 - 0% - 40%
44 Forward
1 - 100% - 60% - 0:06
2 - 0% - 40% - 0:00
44 Defense
1 - 100% - 60% - 0:06
2 - 0% - 40% - 0:00
Last Minute Offensive - 0:00
Last Minute Defensive - 0:00
Total
Forward - 60:52
Defense - 60:52
|
% Time on Ice - Harfangs
Lines # - Real PCT - Wanted PCT - Time Play
Normal Forward
1 - 38% - 40% - 17:48
2 - 27% - 30% - 12:40
3 - 23% - 20% - 10:45
4 - 13% - 10% - 6:05
Normal Defense
1 - 41% - 40% - 19:20
2 - 32% - 30% - 15:11
3 - 24% - 20% - 11:31
4 - 3% - 10% - 1:16
PP Forward
1 - 51% - 60% - 3:32
2 - 49% - 40% - 3:27
PP Defense
1 - 68% - 60% - 4:46
2 - 32% - 40% - 2:13
PK Forward
1 - 81% - 60% - 4:08
2 - 19% - 40% - 1:00
PK Defense
1 - 57% - 60% - 2:57
2 - 43% - 40% - 2:11
PK3 Forward
1 - 81% - 60% - 1:06
2 - 19% - 40% - 0:15
PK3 Defense
1 - 73% - 60% - 0:59
2 - 27% - 40% - 0:22
44 Forward
1 - 100% - 60% - 0:06
2 - 0% - 40% - 0:00
44 Defense
1 - 100% - 60% - 0:06
2 - 0% - 40% - 0:00
Last Minute Offensive - 0:00
Last Minute Defensive - 0:00
Total
Forward - 60:52
Defense - 60:52
|
Play-by-Play
1st period
0:01 of 1st period - Nathan Gerbe wins face-off versus Calle Jarnkrok in neutral zone.
2:13 of 1st period - Snap shot by Brandon Pirri.
2:13 of 1st period - Stopped by Anton Forsberg without a rebound.
2:14 of 1st period - Calle Jarnkrok wins face-off versus Nathan Gerbe in Harfangs zone.
2:49 of 1st period - Off-side.
2:50 of 1st period - Calle Jarnkrok wins face-off versus Nathan Gerbe in neutral zone.
3:55 of 1st period - Off-side.
3:56 of 1st period - Lucas Wallmarkk wins face-off versus Rourke Chartier in neutral zone.
4:10 of 1st period - Slapshot by Morgan Klimchuk.
4:10 of 1st period - Shot Misses the Net.
4:12 of 1st period - Wrist shot by Devon Teows.
4:12 of 1st period - Shot Blocked by Lukas Krajicek.
4:29 of 1st period - Jake Dotchin is hit by Lukas Krajicek and loses puck.
4:47 of 1st period - Wrist shot by Anton Slepyshev.
4:47 of 1st period - Stopped by Anton Forsberg without a rebound.
4:48 of 1st period - Brendan Woods wins face-off versus Tyler Brenner in Harfangs zone.
4:51 of 1st period - Slapshot by Brandon Pirri.
4:51 of 1st period - Shot Misses the Net.
5:23 of 1st period - Victor Bartley is hit by Phil Oreskovic and loses puck.
6:17 of 1st period - Snap shot by Brandon Pirri.
6:17 of 1st period - Stopped by Anton Forsberg without a rebound.
6:18 of 1st period - Dylan Larkin wins face-off versus Tyler Brenner in Harfangs zone.
6:27 of 1st period - Snap shot by Brandon McMillan.
6:27 of 1st period - Shot Misses the Net.
6:45 of 1st period - Wrist shot by Rourke Chartier.
6:45 of 1st period - Shot Misses the Net.
6:55 of 1st period - Slapshot by Brandon McMillan.
6:55 of 1st period - Stopped by Jean-Francois Berube with a rebound.
7:05 of 1st period - Wrist shot by Ryan Hartman.
7:05 of 1st period - Stopped by Jean-Francois Berube without a rebound.
7:06 of 1st period - Nathan Gerbe wins face-off versus Calle Jarnkrok in Royaux zone.
7:19 of 1st period - Wrist shot by Tye McGinn.
7:19 of 1st period - Stopped by Anton Forsberg with a rebound.
7:21 of 1st period - Snap shot by Simon Despres.
7:21 of 1st period - Stopped by Anton Forsberg with a rebound.
8:03 of 1st period - Victor Bartley is hit by Anton Slepyshev.
8:18 of 1st period - Nicholas Baptiste is hit by Tyler Randell and loses puck.
8:25 of 1st period - Minor Penalty to Nicholas Baptiste for Hooking.
8:26 of 1st period - Michael Bournival wins face-off versus Brendan Woods in Royaux zone.
10:25 of 1st period - Penalty to Nicholas Baptiste is over, Nicholas Baptiste is back on ice.
10:45 of 1st period - Wrist shot by Ben Hanowski.
10:45 of 1st period - Stopped by Anton Forsberg with a rebound.
10:47 of 1st period - Wrist shot by Ben Hanowski.
10:47 of 1st period - Shot Misses the Net.
10:49 of 1st period - Wrist shot by Marko Dano.
10:49 of 1st period - Stopped by Anton Forsberg without a rebound.
10:50 of 1st period - Lucas Wallmarkk wins face-off versus Nathan Gerbe in Harfangs zone.
10:58 of 1st period - Icing by Tye McGinn.
10:59 of 1st period - Nathan Gerbe wins face-off versus Lucas Wallmarkk in Royaux zone.
11:08 of 1st period - Snap shot by Danny Kristo.
11:08 of 1st period - Shot Misses the Net.
11:10 of 1st period - Snap shot by Gord Baldwin.
11:10 of 1st period - Shot Blocked by Blake Heinrich.
11:45 of 1st period - Wrist shot by Michael Bournival.
11:45 of 1st period - Shot Misses the Net.
11:47 of 1st period - Snap shot by Tyler Randell.
11:47 of 1st period - Goal by Tyler Randell - Royaux : 0 - Harfangs : 1.
11:48 of 1st period - Calle Jarnkrok wins face-off versus Nathan Gerbe in neutral zone.
11:53 of 1st period - Snap shot by Michael Bournival.
11:53 of 1st period - Shot Misses the Net.
12:01 of 1st period - Wrist shot by Tyler Randell.
12:01 of 1st period - Deflect By Calle Jarnkrok.
12:01 of 1st period - Shot Misses the Net.
12:01 of 1st period - Puck is out of play.
12:02 of 1st period - Tyler Brenner wins face-off versus Dylan Larkin in Royaux zone.
12:15 of 1st period - Snap shot by Ben Hanowski.
12:15 of 1st period - Stopped by Anton Forsberg with a rebound.
12:36 of 1st period - Lukas Krajicek is hit by Calle Jarnkrok and loses puck.
13:20 of 1st period - Slapshot by Morgan Klimchuk.
13:20 of 1st period - Stopped by Jean-Francois Berube with a rebound.
13:59 of 1st period - Wrist shot by Tye McGinn.
13:59 of 1st period - Goal by Tye McGinn - Royaux : 1 - Harfangs : 1.
14:00 of 1st period - Calle Jarnkrok wins face-off versus Nathan Gerbe in neutral zone.
14:39 of 1st period - Ryan Hartman is hit by Simon Despres and loses puck.
17:05 of 1st period - Wrist shot by Erik Nystrom.
17:05 of 1st period - Shot Blocked by Phil Oreskovic.
17:07 of 1st period - Wrist shot by Jake Dotchin.
17:07 of 1st period - Shot Blocked by Haydn Fleury.
18:27 of 1st period - Danny Kristo is hit by Nick Shore and loses puck.
19:15 of 1st period - Brendan Woods is hit by Reid McNeill and loses puck.
19:38 of 1st period - Snap shot by Rourke Chartier.
19:38 of 1st period - Stopped by Anton Forsberg with a rebound.
19:40 of 1st period - Slapshot by Haydn Fleury.
19:40 of 1st period - Shot Blocked by Devon Teows.
19:54 of 1st period - Tye McGinn is hit by Devon Teows and loses puck.
Goals for this period are 1 for Royaux vs 1 for Harfangs.
Shots for this period are 10 for Royaux vs 4 for Harfangs.
2nd period
0:01 of 2nd period - Calle Jarnkrok wins face-off versus Nathan Gerbe in neutral zone.
0:03 of 2nd period - Dylan Olsen is hit by Simon Despres and loses puck.
0:33 of 2nd period - Off-side.
0:34 of 2nd period - Marko Dano wins face-off versus Tyler Brenner in neutral zone.
0:45 of 2nd period - Snap shot by Dylan Larkin.
0:45 of 2nd period - Deflect By Ben Hanowski.
0:45 of 2nd period - Goal by Ben Hanowski - Royaux : 2 - Harfangs : 1.
0:46 of 2nd period - Calle Jarnkrok wins face-off versus Nathan Gerbe in neutral zone.
0:55 of 2nd period - Snap shot by Lukas Krajicek.
0:55 of 2nd period - Shot Blocked by Victor Bartley.
0:57 of 2nd period - Slapshot by Simon Despres.
0:57 of 2nd period - Deflect By Tyler Randell.
0:57 of 2nd period - Stopped by Anton Forsberg without a rebound.
0:58 of 2nd period - Nathan Gerbe wins face-off versus Calle Jarnkrok in Harfangs zone.
1:24 of 2nd period - Minor Penalty to Lukas Krajicek for Holding.
1:25 of 2nd period - Brendan Woods wins face-off versus Calle Jarnkrok in Royaux zone.
1:34 of 2nd period - Dylan Olsen is hit by Danny Kristo and loses puck.
3:09 of 2nd period - Victor Bartley is hit by Marko Dano and loses puck.
3:13 of 2nd period - Icing by Ryan Hartman.
3:14 of 2nd period - Tyler Brenner wins face-off versus Marko Dano in Harfangs zone.
3:23 of 2nd period - Wrist shot by Ben Hanowski.
3:23 of 2nd period - Shot Misses the Net.
3:24 of 2nd period - Penalty to Lukas Krajicek is over, Lukas Krajicek is back on ice.
4:01 of 2nd period - Icing by Lucas Wallmarkk.
4:02 of 2nd period - Dylan Larkin wins face-off versus Lucas Wallmarkk in Harfangs zone.
4:09 of 2nd period - Slapshot by Blake Heinrich.
4:09 of 2nd period - Stopped by Jean-Francois Berube with a rebound.
4:15 of 2nd period - Snap shot by Marko Dano.
4:15 of 2nd period - Shot Misses the Net.
4:56 of 2nd period - Backhand shot by Brandon Pirri.
4:56 of 2nd period - Deflect By Anton Slepyshev.
4:56 of 2nd period - Stopped by Anton Forsberg without a rebound.
4:57 of 2nd period - Dylan Larkin wins face-off versus Calle Jarnkrok in Harfangs zone.
5:00 of 2nd period - Snap shot by Ben Hanowski.
5:00 of 2nd period - Shot Blocked by Calle Jarnkrok.
5:22 of 2nd period - Jake Dotchin is hit by Danny Kristo and loses puck.
5:45 of 2nd period - Wrist shot by Nick Shore.
5:45 of 2nd period - Stopped by Jean-Francois Berube without a rebound.
5:46 of 2nd period - Nick Shore wins face-off versus Brendan Woods in Royaux zone.
6:02 of 2nd period - Off-side.
6:03 of 2nd period - Dylan Larkin wins face-off versus Calle Jarnkrok in neutral zone.
6:14 of 2nd period - Calle Jarnkrok is hit by Dylan Larkin and loses puck.
6:29 of 2nd period - Gord Baldwin is hit by Ryan Hartman and loses puck.
6:52 of 2nd period - Snap shot by Nick Shore.
6:52 of 2nd period - Stopped by Jean-Francois Berube with a rebound.
7:15 of 2nd period - Snap shot by Dylan Larkin.
7:15 of 2nd period - Shot Misses the Net.
7:17 of 2nd period - Slapshot by Marko Dano.
7:17 of 2nd period - Shot Blocked by Victor Bartley.
7:19 of 2nd period - Wrist shot by Dylan Larkin.
7:19 of 2nd period - Shot Misses the Net.
7:21 of 2nd period - Wrist shot by Ben Hanowski.
7:21 of 2nd period - Shot Blocked by Victor Bartley.
7:23 of 2nd period - Slapshot by Simon Despres.
7:23 of 2nd period - Shot Blocked by Dylan Olsen.
7:25 of 2nd period - Wrist shot by Marko Dano.
7:25 of 2nd period - Stopped by Anton Forsberg with a rebound.
7:27 of 2nd period - Backhand shot by Marko Dano.
7:27 of 2nd period - Stopped by Anton Forsberg with a rebound.
7:43 of 2nd period - Wrist shot by Michael Bournival.
7:43 of 2nd period - Shot Blocked by Lukas Krajicek.
7:45 of 2nd period - Slapshot by Victor Bartley.
7:45 of 2nd period - Stopped by Jean-Francois Berube without a rebound.
7:46 of 2nd period - Dylan Larkin wins face-off versus Tyler Brenner in Royaux zone.
8:11 of 2nd period - Tye McGinn is hit by Tyler Randell and loses puck.
8:16 of 2nd period - Snap shot by Calle Jarnkrok.
8:16 of 2nd period - Deflect By Nathan Gerbe.
8:16 of 2nd period - Shot Misses the Net.
8:16 of 2nd period - Puck is out of play.
8:17 of 2nd period - Calle Jarnkrok wins face-off versus Tye McGinn in Royaux zone.
8:18 of 2nd period - Wrist shot by Michael Bournival.
8:18 of 2nd period - Stopped by Jean-Francois Berube with a rebound.
8:26 of 2nd period - Devon Teows is hit by Nathan Gerbe and loses puck.
9:23 of 2nd period - Snap shot by Ben Hanowski.
9:23 of 2nd period - Stopped by Anton Forsberg without a rebound.
9:24 of 2nd period - Nick Shore wins face-off versus Tye McGinn in Harfangs zone.
9:24 of 2nd period - Nick Shore is hit by Lukas Krajicek.
10:20 of 2nd period - Wrist shot by Brendan Woods.
10:20 of 2nd period - Stopped by Anton Forsberg with a rebound.
10:22 of 2nd period - Slapshot by Brendan Woods.
10:22 of 2nd period - Deflect By Nick Shore.
10:22 of 2nd period - Stopped by Anton Forsberg with a rebound.
10:24 of 2nd period - Wrist shot by Brendan Woods.
10:24 of 2nd period - Shot Blocked by Dylan Olsen.
10:26 of 2nd period - Snap shot by Brendan Woods.
10:26 of 2nd period - Shot Misses the Net.
10:28 of 2nd period - Slapshot by Marcus Pettersson.
10:28 of 2nd period - Shot Misses the Net.
10:37 of 2nd period - Off-side.
10:38 of 2nd period - Marko Dano wins face-off versus Calle Jarnkrok in neutral zone.
10:49 of 2nd period - Wrist shot by Marko Dano.
10:49 of 2nd period - Stopped by Anton Forsberg without a rebound.
10:50 of 2nd period - Calle Jarnkrok wins face-off versus Nathan Gerbe in Harfangs zone.
10:57 of 2nd period - Reid McNeill is hit by Danny Kristo and loses puck.
11:16 of 2nd period - Jake Dotchin is hit by Ben Hanowski and loses puck.
11:40 of 2nd period - Snap shot by Marko Dano.
11:40 of 2nd period - Shot Misses the Net.
11:44 of 2nd period - Snap shot by Brandon Pirri.
11:44 of 2nd period - Stopped by Anton Forsberg without a rebound.
11:45 of 2nd period - Calle Jarnkrok wins face-off versus Brendan Woods in Harfangs zone.
11:45 of 2nd period - Calle Jarnkrok is hit by Anton Slepyshev.
11:55 of 2nd period - Slapshot by Calle Jarnkrok.
11:55 of 2nd period - Stopped by Jean-Francois Berube without a rebound.
11:56 of 2nd period - Nathan Gerbe wins face-off versus Tyler Randell in Royaux zone.
12:04 of 2nd period - Minor Penalty to Nathan Gerbe for Boarding.
12:05 of 2nd period - Calle Jarnkrok wins face-off versus Brendan Woods in Royaux zone.
13:58 of 2nd period - Tyler Brenner is hit by Lukas Krajicek and loses puck.
14:04 of 2nd period - Penalty to Nathan Gerbe is over, Nathan Gerbe is back on ice.
14:15 of 2nd period - Snap shot by Victor Bartley.
14:15 of 2nd period - Deflect By Marko Dano.
14:15 of 2nd period - Stopped by Jean-Francois Berube with a rebound.
14:17 of 2nd period - Snap shot by Erik Nystrom.
14:17 of 2nd period - Shot Misses the Net.
14:19 of 2nd period - Snap shot by Erik Nystrom.
14:19 of 2nd period - Deflect By Nick Shore.
14:19 of 2nd period - Shot Misses the Net.
14:19 of 2nd period - Puck is out of play.
14:20 of 2nd period - Rourke Chartier wins face-off versus Lucas Wallmarkk in Royaux zone.
14:20 of 2nd period - Rourke Chartier is hit by Jake Dotchin.
14:51 of 2nd period - Snap shot by Calle Jarnkrok.
14:51 of 2nd period - Stopped by Jean-Francois Berube with a rebound.
15:07 of 2nd period - Slapshot by Reid McNeill.
15:07 of 2nd period - Stopped by Jean-Francois Berube without a rebound.
15:08 of 2nd period - Nick Shore wins face-off versus Dylan Larkin in Royaux zone.
15:37 of 2nd period - Minor Penalty to Blake Heinrich for Tripping.
15:38 of 2nd period - Tyler Randell wins face-off versus Dylan Larkin in Harfangs zone.
16:04 of 2nd period - Michael Bournival is hit by Nathan Gerbe and loses puck.
17:37 of 2nd period - Penalty to Blake Heinrich is over, Blake Heinrich is back on ice.
19:13 of 2nd period - Slapshot by Blake Heinrich.
19:13 of 2nd period - Shot Misses the Net.
19:15 of 2nd period - Slapshot by Devon Teows.
19:15 of 2nd period - Shot Misses the Net.
19:42 of 2nd period - Sven Andrighetto is hit by Nathan Gerbe and loses puck.
Goals for this period are 1 for Royaux vs 0 for Harfangs.
Shots for this period are 10 for Royaux vs 9 for Harfangs.
3rd period
0:01 of 3rd period - Calle Jarnkrok wins face-off versus Nathan Gerbe in neutral zone.
0:04 of 3rd period - Snap shot by Victor Bartley.
0:04 of 3rd period - Stopped by Jean-Francois Berube with a rebound.
0:06 of 3rd period - Slapshot by Dylan Olsen.
0:06 of 3rd period - Stopped by Jean-Francois Berube without a rebound.
0:07 of 3rd period - Calle Jarnkrok wins face-off versus Nathan Gerbe in Royaux zone.
0:10 of 3rd period - Snap shot by Calle Jarnkrok.
0:10 of 3rd period - Stopped by Jean-Francois Berube with a rebound.
0:12 of 3rd period - Slapshot by Dylan Olsen.
0:12 of 3rd period - Stopped by Jean-Francois Berube without a rebound.
0:13 of 3rd period - Calle Jarnkrok wins face-off versus Nathan Gerbe in Royaux zone.
0:53 of 3rd period - Snap shot by Nathan Gerbe.
0:53 of 3rd period - Stopped by Anton Forsberg without a rebound.
0:54 of 3rd period - Calle Jarnkrok wins face-off versus Dylan Larkin in Harfangs zone.
1:03 of 3rd period - Wrist shot by Michael Bournival.
1:03 of 3rd period - Shot Blocked by Simon Despres.
1:05 of 3rd period - Snap shot by Calle Jarnkrok.
1:05 of 3rd period - Stopped by Jean-Francois Berube with a rebound.
1:07 of 3rd period - Snap shot by Calle Jarnkrok.
1:07 of 3rd period - Stopped by Jean-Francois Berube without a rebound.
1:08 of 3rd period - Tyler Brenner wins face-off versus Dylan Larkin in Royaux zone.
1:23 of 3rd period - Wrist shot by Dylan Larkin.
1:23 of 3rd period - Stopped by Anton Forsberg with a rebound.
2:02 of 3rd period - Wrist shot by Nick Sorensen.
2:02 of 3rd period - Stopped by Jean-Francois Berube with a rebound.
2:56 of 3rd period - Gord Baldwin is hit by Michael Bournival and loses puck.
3:07 of 3rd period - Wrist shot by Gord Baldwin.
3:07 of 3rd period - Goal by Gord Baldwin - Royaux : 3 - Harfangs : 1.
3:08 of 3rd period - Calle Jarnkrok wins face-off versus Nathan Gerbe in neutral zone.
3:34 of 3rd period - Ben Hanowski is hit by Dylan Olsen and loses puck.
3:43 of 3rd period - Slapshot by Lukas Krajicek.
3:43 of 3rd period - Stopped by Anton Forsberg with a rebound.
3:45 of 3rd period - Wrist shot by Haydn Fleury.
3:45 of 3rd period - Shot Misses the Net.
4:13 of 3rd period - Minor Penalty to Nick Shore for Slashing.
4:14 of 3rd period - Tyler Randell wins face-off versus Dylan Larkin in Harfangs zone.
4:14 of 3rd period - Tyler Randell is hit by Ben Hanowski.
4:29 of 3rd period - Tyler Randell is hit by Marko Dano and loses puck.
5:22 of 3rd period - Tye McGinn is hit by Calle Jarnkrok and loses puck.
5:35 of 3rd period - Marcus Pettersson is hit by Erik Nystrom and loses puck.
6:05 of 3rd period - Off-side.
6:06 of 3rd period - Calle Jarnkrok wins face-off versus Brandon Pirri in neutral zone.
6:11 of 3rd period - Slapshot by Morgan Klimchuk.
6:11 of 3rd period - Deflect By Calle Jarnkrok.
6:11 of 3rd period - Stopped by Jean-Francois Berube without a rebound.
6:12 of 3rd period - Brandon Pirri wins face-off versus Tyler Randell in Royaux zone.
6:13 of 3rd period - Penalty to Nick Shore is over, Nick Shore is back on ice.
6:42 of 3rd period - Off-side.
6:43 of 3rd period - Tyler Brenner wins face-off versus Dylan Larkin in neutral zone.
7:06 of 3rd period - Snap shot by Brandon McMillan.
7:06 of 3rd period - Goal by Brandon McMillan - Royaux : 3 - Harfangs : 2.
7:07 of 3rd period - Calle Jarnkrok wins face-off versus Dylan Larkin in neutral zone.
7:41 of 3rd period - Dylan Olsen is hit by Lukas Krajicek.
8:03 of 3rd period - Brendan Woods is hit by Sven Andrighetto and loses puck.
9:01 of 3rd period - Calle Jarnkrok is hit by Danny Kristo and loses puck.
9:09 of 3rd period - Off-side.
9:10 of 3rd period - Dylan Larkin wins face-off versus Tyler Brenner in neutral zone.
9:22 of 3rd period - Minor Penalty to Blake Heinrich for Hooking.
9:23 of 3rd period - Dylan Larkin wins face-off versus Tyler Randell in Harfangs zone.
9:23 of 3rd period - Snap shot by Marko Dano.
9:23 of 3rd period - Shot Misses the Net.
9:25 of 3rd period - Slapshot by Lukas Krajicek.
9:25 of 3rd period - Shot Misses the Net.
9:27 of 3rd period - Slapshot by Marcus Pettersson.
9:27 of 3rd period - Deflect By Marko Dano.
9:27 of 3rd period - Shot Blocked by Victor Bartley.
9:27 of 3rd period - Puck is out of play.
9:28 of 3rd period - Dylan Larkin wins face-off versus Tyler Randell in Harfangs zone.
9:31 of 3rd period - Wrist shot by Marko Dano.
9:31 of 3rd period - Stopped by Anton Forsberg with a rebound.
9:33 of 3rd period - Snap shot by Marko Dano.
9:33 of 3rd period - Shot Blocked by Dylan Olsen.
9:35 of 3rd period - Slapshot by Lukas Krajicek.
9:35 of 3rd period - Stopped by Anton Forsberg with a rebound.
9:37 of 3rd period - Slapshot by Marcus Pettersson.
9:37 of 3rd period - Shot Blocked by Dylan Olsen.
9:39 of 3rd period - Wrist shot by Dylan Larkin.
9:39 of 3rd period - Shot Misses the Net.
9:41 of 3rd period - Wrist shot by Dylan Larkin.
9:41 of 3rd period - Shot Misses the Net.
9:43 of 3rd period - Wrist shot by Marko Dano.
9:43 of 3rd period - Shot Misses the Net.
10:00 of 3rd period - Minor Penalty to Dylan Olsen for Interference.
10:01 of 3rd period - Dylan Larkin wins face-off versus Tyler Randell in Harfangs zone.
11:22 of 3rd period - Penalty to Blake Heinrich is over, Blake Heinrich is back on ice.
11:53 of 3rd period - Minor Penalty to Ben Hanowski for Hooking.
11:54 of 3rd period - Tyler Randell wins face-off versus Dylan Larkin in Royaux zone.
12:00 of 3rd period - Penalty to Dylan Olsen is over, Dylan Olsen is back on ice.
12:07 of 3rd period - Snap shot by Danny Kristo.
12:07 of 3rd period - Goal by Danny Kristo - Royaux : 4 - Harfangs : 2.
12:08 of 3rd period - Calle Jarnkrok wins face-off versus Brendan Woods in neutral zone.
12:11 of 3rd period - Danny Kristo is hit by Michael Bournival and loses puck.
12:34 of 3rd period - Brendan Woods is hit by Ryan Hartman.
12:46 of 3rd period - Snap shot by Brandon Pirri.
12:46 of 3rd period - Shot Blocked by Dylan Olsen.
12:48 of 3rd period - Snap shot by Marko Dano.
12:48 of 3rd period - Goal by Marko Dano - Royaux : 5 - Harfangs : 2.
12:49 of 3rd period - Brendan Woods wins face-off versus Calle Jarnkrok in neutral zone.
13:01 of 3rd period - Wrist shot by Tyler Randell.
13:01 of 3rd period - Goal by Tyler Randell - Royaux : 5 - Harfangs : 3.
13:02 of 3rd period - Calle Jarnkrok wins face-off versus Nathan Gerbe in neutral zone.
13:17 of 3rd period - Snap shot by Tye McGinn.
13:17 of 3rd period - Stopped by Anton Forsberg without a rebound.
13:18 of 3rd period - Tyler Brenner wins face-off versus Dylan Larkin in Harfangs zone.
13:35 of 3rd period - Simon Despres is hit by Ryan Hartman and loses puck.
14:04 of 3rd period - Calle Jarnkrok is hit by Danny Kristo and loses puck.
14:29 of 3rd period - Wrist shot by Nathan Gerbe.
14:29 of 3rd period - Shot Blocked by Tyler Randell.
14:39 of 3rd period - Slapshot by Tyler Randell.
14:39 of 3rd period - Goal by Tyler Randell - Royaux : 5 - Harfangs : 4.
14:40 of 3rd period - Tyler Brenner wins face-off versus Dylan Larkin in neutral zone.
14:43 of 3rd period - Slapshot by Victor Bartley.
14:43 of 3rd period - Shot Hit the Post.
14:45 of 3rd period - Snap shot by Tyler Brenner.
14:45 of 3rd period - Stopped by Jean-Francois Berube without a rebound.
14:46 of 3rd period - Dylan Larkin wins face-off versus Tyler Brenner in Royaux zone.
14:53 of 3rd period - Slapshot by Marcus Pettersson.
14:53 of 3rd period - Shot Misses the Net.
15:10 of 3rd period - Slapshot by Brandon McMillan.
15:10 of 3rd period - Shot Blocked by Marcus Pettersson.
15:16 of 3rd period - Wrist shot by Brandon McMillan.
15:16 of 3rd period - Stopped by Jean-Francois Berube with a rebound.
15:18 of 3rd period - Wrist shot by Ryan Hartman.
15:18 of 3rd period - Shot Misses the Net.
15:37 of 3rd period - Snap shot by Tyler Brenner.
15:37 of 3rd period - Shot Blocked by Gord Baldwin.
15:39 of 3rd period - Slapshot by Tyler Brenner.
15:39 of 3rd period - Shot Hit the Post.
15:41 of 3rd period - Slapshot by Victor Bartley.
15:41 of 3rd period - Shot Blocked by Marcus Pettersson.
15:43 of 3rd period - Snap shot by Brandon McMillan.
15:43 of 3rd period - Shot Misses the Net.
15:45 of 3rd period - Wrist shot by Dylan Olsen.
15:45 of 3rd period - Shot Blocked by Gord Baldwin.
15:57 of 3rd period - Snap shot by Tyler Brenner.
15:57 of 3rd period - Goal by Tyler Brenner - Royaux : 5 - Harfangs : 5.
15:58 of 3rd period - Nick Shore wins face-off versus Brandon Pirri in neutral zone.
16:07 of 3rd period - Slapshot by Jake Dotchin.
16:07 of 3rd period - Deflect By Sven Andrighetto.
16:07 of 3rd period - Stopped by Jean-Francois Berube with a rebound.
16:30 of 3rd period - Off-side.
16:31 of 3rd period - Calle Jarnkrok wins face-off versus Nathan Gerbe in neutral zone.
16:42 of 3rd period - Tye McGinn is hit by Victor Bartley and loses puck.
17:19 of 3rd period - Slapshot by Phil Oreskovic.
17:19 of 3rd period - Shot Blocked by Morgan Klimchuk.
17:39 of 3rd period - Snap shot by Rourke Chartier.
17:39 of 3rd period - Shot Misses the Net.
17:45 of 3rd period - Slapshot by Sonny Milano.
17:45 of 3rd period - Shot Blocked by Tyler Brenner.
17:47 of 3rd period - Slapshot by Phil Oreskovic.
17:47 of 3rd period - Stopped by Anton Forsberg with a rebound.
18:07 of 3rd period - Wrist shot by Tyler Randell.
18:07 of 3rd period - Stopped by Jean-Francois Berube without a rebound.
18:08 of 3rd period - Brendan Woods wins face-off versus Nick Shore in Royaux zone.
18:23 of 3rd period - Snap shot by Brandon Pirri.
18:23 of 3rd period - Shot Blocked by Dylan Olsen.
18:38 of 3rd period - Slapshot by Gord Baldwin.
18:38 of 3rd period - Deflect By Tye McGinn.
18:38 of 3rd period - Shot Misses the Net.
18:38 of 3rd period - Puck is out of play.
18:39 of 3rd period - Nathan Gerbe wins face-off versus Michael Bournival in Harfangs zone.
19:23 of 3rd period - Tye McGinn is hit by Blake Heinrich.
19:27 of 3rd period - Michael Bournival is hit by Tye McGinn and loses puck.
Goals for this period are 3 for Royaux vs 4 for Harfangs.
Shots for this period are 10 for Royaux vs 16 for Harfangs.
Overtime #1
0:01 of 1st overtime period - Dylan Larkin wins face-off versus Calle Jarnkrok in neutral zone.
0:08 of 1st overtime period - Wrist shot by Marko Dano.
0:08 of 1st overtime period - Stopped by Anton Forsberg with a rebound.
0:50 of 1st overtime period - Snap shot by Nick Shore.
0:50 of 1st overtime period - Shot Misses the Net.
0:52 of 1st overtime period - Wrist shot by Nick Shore.
0:52 of 1st overtime period - Goal by Nick Shore - Royaux : 5 - Harfangs : 6.
Goals for this period are 0 for Royaux vs 1 for Harfangs.
Shots for this period are 1 for Royaux vs 1 for Harfangs.
Back to the Top